 Dungeon Crawl Stone Soup version 0.30-a0-782-ge64f9170bb (webtiles) character file.

Game seed: 4622318043483200698

69354 Gagagargyl the Destroyer (level 15, 0/90 HPs)
             Began as a Gargoyle Hedge Wizard on Feb 19, 2023.
             Was a High Priest of Vehumet.
             Slain by a ghost moth (2 damage)
             ... on level 2 of the Spider Nest.
             The game lasted 00:57:27 (24201 turns).

Gagagargyl the Destroyer (Gargoyle Hedge Wizard)   Turns: 24201, Time: 00:57:27

Health: 0/90       AC: 27    Str: 17 (19) XL:     15   Next: 29%
Magic:  2/33       EV: 11    Int: 27      God:    Vehumet [*****.]
Gold:   1520       SH:  0    Dex:  4 (9)  Spells: 23/42 levels left

rFire   + + .      SeeInvis +    P - +2 scimitar (flame)
rCold   . . .      Faith    .    (no shield)
rNeg    + . .      Spirit   .    I - +3 acid dragon scales
rPois   ∞          Reflect  .    V - +1 hat {Will+}
rElec   +          Harm     .    O - +2 cloak {rF+}
rCorr   +          Rampage  .    x - +0 pair of gloves
Will    ++...                    (no boots)
Stlth   +                        d - amulet of magic regeneration
HPRegen 0.35/turn                U - ring "Celeci" {rPois rF+ Str+4 Int+6}
MPRegen 0.63/turn                R - ring of see invisible

@: flying, hasted, very quick
A: sickness immunity, AC +11, big wings, negative energy resistance 1,
electricity resistance, torment resistance 1, petrification resistance
a: Renounce Religion


You were on level 2 of the Spider Nest.
You worshipped Vehumet.
Vehumet was extremely pleased with you.
You visited 5 branches of the dungeon, and saw 21 of its levels.
You also visited: Gauntlet and Volcano.

You collected 2150 gold pieces.
You spent 630 gold pieces at shops.

Inventory:

Hand Weapons
 P - a +2 scimitar of flaming (weapon)
Armour
 x - a +0 pair of gloves (worn)
 I - +3 acid dragon scales (worn)
 O - a +2 cloak of fire resistance (worn)
 V - a +1 hat of willpower (worn)
Jewellery
 d - an amulet of magic regeneration (around neck)
 i - a +6 ring of intelligence
 r - a ring of ice
 C - a +5 ring of evasion
 J - a ring of fire
 N - a ring of magical power
 Q - a ring of resist corrosion
 R - a ring of see invisible (right hand)
 U - the ring "Celeci" (left hand) {rPois rF+ Str+4 Int+6}
   (You found it in a Gauntlet)

   [ring of intelligence]

   Str:       It affects your strength (+4).
   Int:       It affects your intelligence (+6).
   rF:        It protects you from fire.
   rPois:     It protects you from poison.
Wands
 u - a wand of charming (12)
 v - a wand of iceblast (21)
 D - a wand of mindburst (26)
 K - a wand of polymorph (9)
Scrolls
 a - 2 scrolls of identify
 c - a scroll of magic mapping {unknown}
 h - 3 scrolls of immolation
 k - 7 scrolls of enchant weapon
 l - 5 scrolls of poison
 o - 6 scrolls of teleportation
 p - 6 scrolls of fear
 q - 2 scrolls of amnesia {unknown}
 z - 4 scrolls of fog
 A - 3 scrolls of torment
 F - 2 scrolls of vulnerability {unknown}
 L - 4 scrolls of summoning
 M - a scroll of blinking {unknown}
 T - 2 scrolls of brand weapon
Potions
 b - a potion of cancellation {unknown}
 e - 2 potions of heal wounds
 f - 5 potions of might
 g - 2 potions of berserk rage {unknown}
 j - 7 potions of curing
 m - 2 potions of haste
 n - 4 potions of ambrosia
 t - 4 potions of lignification
 w - 3 potions of mutation {unknown}
 B - 4 potions of resistance
 E - a potion of brilliance {unknown}
 G - 4 potions of attraction
 H - 2 potions of invisibility {unknown}


   Skills:
 * Level 9.0 Fighting
 - Level 0.2 Short Blades
 + Level 6.8 Armour
 - Level 3.2 Dodging
 - Level 2.4 Stealth
 + Level 14.3 Spellcasting
 + Level 14.7 Conjurations
 - Level 0.8 Summonings
 - Level 0.8 Translocations
 + Level 5.0 Air Magic
 + Level 10.5 Earth Magic
 + Level 9.0 Poison Magic


You had 23 spell levels left.
You knew the following spells:

 Your Spells              Type           Power      Damage    Failure   Level
a - Magic Dart            Conj           100%       1d8       0%          1
b - Blink                 Tloc           48%        N/A       3%          2
c - Mephitic Cloud        Conj/Pois/Air  63%        N/A       1%          3
d - Stone Arrow           Conj/Erth      100%       3d13      1%          3
e - Olgreb's Toxic Radia  Pois           61%        N/A       1%          4
f - Iron Shot             Conj/Erth      36%        9d7       1%          6

Your spell library contained the following spells:

 Spells                   Type           Power      Damage    Failure   Level
 Freezing Cloud           Conj/Ice/Air   26%        6-21      1%          5
 Sandblast                Erth           100%       2d20      1%          1
 Shock                    Conj/Air       100%       1d9       1%          1
 Sting                    Tmut/Pois      100%       1d8       1%          1
 Passwall                 Tmut/Erth      39%        N/A       1%          2
 Poisonous Vapours        Pois/Air       100%       N/A       1%          2
 Scorch                   Fire           38%        2d7       1%          2
 Spider Form              Tmut/Pois      43%        N/A       1%          3
 Swiftness                Air            46%        N/A       1%          3
 Airstrike                Air            23%        2d(4-20)  1%          4
 Flame Wave               Conj/Fire      56%        2d13      1%          4
 Iskenderun's Battlesphe  Conj           78%        2d13      1%          5
 Lee's Rapid Deconstruct  Erth           33%        3d17*     1%          5
 Lightning Bolt           Conj/Air       32%        1d49      1%          5
 Beastly Appendage        Tmut           38%        N/A       3%          1
 Slow                     Hex            76%        N/A       3%          1
 Call Imp                 Summ           24%        N/A       3%          2
 Frozen Ramparts          Ice            38%        1d6       3%          3
 Leda's Liquefaction      Hex/Erth       23%        N/A       4%          4
 Wereblood                Tmut           19%        N/A       5%          2
 Ozocubu's Armour         Ice            19%        N/A       11%         3
 Summon Lightning Spire   Summ/Air       35%        N/A       11%         4
 Summon Ice Beast         Ice/Summ       21%        N/A       28%         4
 Spellforged Servitor     Conj/Summ      28%        N/A       30%         7
 Ice Form                 Ice/Tmut       19%        N/A       34%         4
 Summon Cactus Giant      Summ           12%        N/A       98%         6
 Ozocubu's Refrigeration  Ice            9%         4d9       99%         7
 Cigotuvi's Dreadful Rot  Necr/Pois/Air  Unusable   N/A       N/A         2
 Statue Form              Tmut/Erth      Unusable   N/A       N/A         6

Dungeon Overview and Level Annotations

Branches:
Dungeon (12/15)            Temple (1/1) D:7            Lair (4/5) D:8
 Shoals (0/4) Lair:2       Spider (2/4) Lair:3          Orc (2/2) D:10
    Elf (0/3) Orc:2       Volcano (visited)         Gauntlet (visited)
  Slime: Lair:4-5

Altars:
Ashenzari
Cheibriados
Dithmenos
Elyvilon
Fedhas
Gozag
Hepliaklqana
Kikubaaqudgha
Makhleb
Nemelex Xobeh
Okawaru
Qazlal
Ru
Sif Muna
Trog
Uskayaw
Vehumet
Wu Jian
Xom
Yredelemnul
Zin
The Shining One
Jiyva

Shops:
D:5 :   D:7 *   Orc:2 :[(:

Annotations:
D:11 2 transporters
Spider:1 3 runed translucent doors, Mandevil's ghost, adept HuHu


Innate Abilities, Weirdness & Mutations

You are immune to sickness and miasma.
Your stone body is resilient. (AC +11)
You are immune to poison.
Your large and strong wings let you fly.
You resist negative energy. (rN+)
You are resistant to electric shocks. (rElec)
You are resistant to unholy torment.
You are immune to petrification.


Message History

The ghost moth hits you but does no damage.
The ghost moth stings you but does no damage.
You barely miss the ghost moth.
The ghost moth is severely wounded.
The ghost moth hits you but does no damage.
The ghost moth closely misses you. The ghost moth misses you.
The ghost moth hits you but does no damage.
The ghost moth barely misses you. The ghost moth stings you!
* * * LOW HITPOINT WARNING * * *
You feel much better. The ghost moth stares at you.
You feel your power leaking away. The ghost moth hits you.
* * * LOW HITPOINT WARNING * * *
You feel clumsy.
The ghost moth hits you but does no damage.
The ghost moth stings you but does no damage.
You feel yourself speed up. The ghost moth stares at you.
The ghost moth barely misses you. The ghost moth misses you.
The ghost moth stings you.
* * * LOW HITPOINT WARNING * * *
You feel clumsy. The ghost moth stares at you.
The ghost moth hits you but does no damage.
The ghost moth hits you!
* * * LOW HITPOINT WARNING * * *
The ghost moth stings you!
* * * LOW HITPOINT WARNING * * *
You closely miss the ghost moth.
The ghost moth is severely wounded.
The ghost moth hits you but does no damage.
The ghost moth hits you.
* * * LOW HITPOINT WARNING * * *
The ghost moth misses you.
You completely miss the ghost moth.
The ghost moth is severely wounded.
The ghost moth hits you but does no damage.
The ghost moth barely misses you. The ghost moth stings you.
You die...

... ..... ..## .....
...#......
#..#....>..# #######
^.#....##.. #.#...##
#.....##... ##.....##
#y...##..
#.......###@..##.# ..
#......†....#...#....
#......####...†......
#.....## ###..##.#...
##...## ##.#†## .#
#..#####...## .
#...##.....#
#.^........#
##....>...##


You could see a ghost moth (invisible).

Vanquished Creatures
  Gastronok (D:11)
  Roxanne (Spider:1)
  An emperor scorpion (Spider:1)
  A ghost moth (Spider:1)
  A broodmother (Spider:1)
  A minotaur (Gauntlet)
  A red draconian (Volcano)
  An entropy weaver (Spider:2)
  A jorogumo (Spider:2)
  A catoblepas (Lair:2)
  Erica (Lair:1)
  2 radroaches
  5 boulder beetles
  A centaur warrior (D:12)
  2 two-headed ogres
  5 death yaks (Lair:3)
  3 orc high priests (Orc:2)
  2 pharaoh ants (Spider:1)
  A salamander mystic (Volcano)
  An orb spider (Spider:1)
  A sun moth (Spider:1)
  A skyshark (Lair:4)
  3 ugly things
  A necromancer (D:10)
  4 oklob plants (Lair:3)
  A steelbarb worm (Spider:1)
  4 orc knights (Orc:2)
  4 orc sorcerers (Orc:2)
  7 wolf spiders
  A manticore (Lair:1)
  2 cyclopes
  9 elephants
  5 salamanders (Volcano)
  A guardian serpent (shapeshifter) (Gauntlet)
  2 torpor snails
  An eye of devastation (shapeshifter) (Gauntlet)
  A gargoyle (D:10)
  4 demonic crawlers (Spider:1)
  7 cane toads
  3 black mambas
  4 kobold demonologists
  A komodo dragon (Lair:2)
  4 trolls
  3 polar bears
  7 tarantellas
  2 hornets
  4 blink frogs (Lair:3)
  3 slime creatures (D:12)
  A culicivora (shapeshifter) (Gauntlet)
  A centaur simulacrum (Gauntlet)
  14 jumping spiders (Spider:1)
  2 culicivoras
  A shadow (D:10)
  A vampire (D:12)
  3 wyverns
  5 fire bats (Volcano)
  15 yaks
  8 vampire mosquitoes
  18 redbacks
  4 wargs
  3 acid dragons
  A swamp drake (D:10)
  12 water moccasins
  22 orc warriors
  3 meliai simulacra (Gauntlet)
  2 ice beasts
  3 black bears
  7 ogres
  10 wolves
  A centaur (D:8)
  2 phantoms (D:6)
  3 kobold brigands
  3 gnoll sergeants
  12 bullfrogs
  A necrophage (D:7)
  4 scorpions
  A small abomination (Gauntlet)
  4 wights (D:8)
  3 killer bees (D:9)
  7 howler monkeys
  2 electric eels (Lair:1)
  7 lava snakes (Volcano)
  A wyvern simulacrum (Gauntlet)
  4 hounds
  A gnoll bouda (Orc:2)
  15 orc priests
  Crazy Yiuf (D:2)
  A jelly (D:6)
  3 iguanas
  23 orc wizards
  Natasha (thrice) (D:2)
  3 polar bear simulacra (D:10)
  A yak simulacrum (D:10)
  5 wolf simulacra (D:10)
  25 gnolls
  8 adders
  9 river rats
  A white imp (D:6)
  An ufetubus (D:4)
  A worm (D:2)
  3 dart slugs
  75 orcs
  3 bats
  9 endoplasms
  4 giant cockroaches
  5 goblins
  7 hobgoblins
  7 jackals
  8 quokkas
  5 ball pythons
  16 kobolds
  27 rats
  2 river rat simulacra (D:10)
586 creatures vanquished.

Vanquished Creatures (others)
  25 demonic plants (Gauntlet)
  27 fungi
  67 plants
119 creatures vanquished.

Grand Total: 705 creatures vanquished

Notes
Turn   | Place    | Note
-------+----------+-------------------------------------------
     0 | D:1      | Gagagargyl the Gargoyle Hedge Wizard began the quest for
                  | the Orb.
     0 | D:1      | Reached XP level 1. HP: 10/10 MP: 4/4
   191 | D:1      | Reached XP level 2. HP: 9/16 MP: 0/6
   698 | D:1      | Reached XP level 3. HP: 20/20 MP: 4/7
   701 | D:1      | Learned a level 2 spell: Blink
   705 | D:1      | Learned a level 3 spell: Mephitic Cloud
  2041 | D:2      | Found a faded altar of an unknown god.
  2053 | D:2      | Reached XP level 4. HP: 24/24 MP: 1/9
  2214 | D:2      | Found a runed translucent door.
  2215 | D:2      | Noticed Crazy Yiuf
  2244 | D:2      | Noticed Natasha
  2257 | D:2      | Killed Natasha
  3202 | D:3      | Reached skill level 1 in Air Magic
  3202 | D:3      | Reached XP level 5. HP: 28/28 MP: 4/10
  3735 | D:2      | Noticed Natasha
  3745 | D:2      | Killed Natasha
  3861 | D:2      | Noticed Natasha
  3865 | D:2      | Killed Natasha
  3938 | D:2      | Killed Crazy Yiuf
  4289 | D:4      | Reached XP level 6. HP: 33/33 MP: 4/12
  4703 | D:4      | Reached skill level 5 in Conjurations
  5041 | D:5      | Entered Level 5 of the Dungeon
  5041 | D:5      | Found Rihehy's Book Boutique.
  5156 | D:5      | Reached XP level 7. HP: 37/37 MP: 9/13
  5442 | D:5      | Reached skill level 1 in Fighting
  5863 | D:5      | Reached skill level 5 in Spellcasting
  6281 | D:5      | Reached XP level 8. HP: 44/44 MP: 0/15
  6957 | D:5      | Learned a level 3 spell: Stone Arrow
  6980 | D:6      | Found a bloodstained altar of Trog.
  7304 | D:6      | Reached skill level 1 in Earth Magic
  8058 | D:6      | Reached XP level 9. HP: 48/48 MP: 11/18
  8104 | D:6      | Found an iron altar of Okawaru.
  8141 | D:6      | Found a blossoming altar of Fedhas.
  9204 | D:7      | Noticed a kobold demonologist
  9207 | D:7      | Killed a kobold demonologist
  9209 | D:7      | Noticed a kobold demonologist
  9216 | D:7      | Noticed an ice devil
  9223 | D:7      | Noticed a soul eater
  9223 | D:7      | Killed a kobold demonologist
  9540 | D:7      | Found Jikent's Assorted Antiques.
  9606 | D:7      | Found a staircase to the Ecumenical Temple.
  9615 | Temple   | Entered the Ecumenical Temple
  9624 | Temple   | Became a worshipper of Vehumet
 10024 | D:8      | Reached XP level 10. HP: 49/53 MP: 11/21
 10500 | D:8      | Reached * piety under Vehumet
 10500 | D:8      | Offered knowledge of Foxfire by Vehumet.
 10822 | D:8      | Found a staircase to the Lair.
 10970 | D:9      | Reached skill level 10 in Conjurations
 11244 | D:9      | Reached skill level 1 in Armour
 11502 | Lair:1   | Entered Level 1 of the Lair of Beasts
 11546 | Lair:1   | Noticed a cane toad
 11550 | Lair:1   | Killed a cane toad
 11598 | Lair:1   | Reached skill level 5 in Earth Magic
 11838 | Lair:1   | Found a dark tunnel.
 11843 | Volcano  | Entered a volcano
 12050 | Volcano  | Reached ** piety under Vehumet
 12050 | Volcano  | Offered knowledge of Momentum Strike by Vehumet.
 12066 | Volcano  | Reached XP level 11. HP: 56/57 MP: 20/24
 12225 | Volcano  | Noticed a salamander
 12225 | Volcano  | Noticed a salamander
 12254 | Volcano  | Noticed a salamander
 12256 | Volcano  | Noticed a salamander
 12258 | Volcano  | Killed a salamander
 12401 | Volcano  | Noticed a salamander
 12417 | Volcano  | Killed a salamander
 12447 | Volcano  | Noticed a salamander mystic
 12456 | Volcano  | Killed a salamander mystic
 12486 | Volcano  | Noticed a red draconian
 12507 | Volcano  | Killed a red draconian
 12508 | Volcano  | Reached skill level 1 in Poison Magic
 12603 | Volcano  | Killed a salamander
 12604 | Volcano  | Reached skill level 10 in Spellcasting
 12656 | Volcano  | Killed a salamander
 12682 | Volcano  | Killed a salamander
 12746 | Volcano  | Found a bloodstained altar of Trog.
 12799 | Volcano  | Found a burning altar of Makhleb.
 12935 | Lair:1   | Noticed Erica
 12942 | Lair:1   | Killed Erica
 12943 | Lair:1   | Reached skill level 5 in Air Magic
 13102 | Lair:1   | Noticed a boulder beetle
 13165 | Lair:1   | Killed a boulder beetle
 13369 | Lair:1   | Noticed a manticore
 13426 | Lair:1   | Killed a manticore
 13427 | Lair:1   | Reached XP level 12. HP: 53/62 MP: 18/26
 13781 | Lair:2   | Noticed a catoblepas
 13789 | Lair:2   | Killed a catoblepas
 13790 | Lair:2   | Reached skill level 5 in Armour
 13909 | Lair:2   | Found a staircase to the Shoals.
 14092 | Lair:2   | Offered knowledge of Static Discharge by Vehumet.
 14165 | Lair:2   | Noticed a boulder beetle
 14719 | Lair:2   | Killed a boulder beetle
 15019 | D:10     | Entered Level 10 of the Dungeon
 15084 | D:10     | Noticed a two-headed ogre
 15089 | D:10     | Killed a two-headed ogre
 15150 | D:10     | Reached *** piety under Vehumet
 15181 | D:10     | Found a glowing silver altar of Zin.
 15329 | D:10     | Offered knowledge of Fulminant Prism by Vehumet.
 15620 | D:10     | Found a staircase to the Orcish Mines.
 15905 | D:10     | Learned a level 4 spell: Olgreb's Toxic Radiance
 15989 | Orc:1    | Entered Level 1 of the Orcish Mines
 15995 | Orc:1    | Reached **** piety under Vehumet
 16016 | Orc:1    | Offered knowledge of Flame Wave by Vehumet.
 16610 | Orc:2    | Entered Level 2 of the Orcish Mines
 16627 | Orc:2    | Found a staircase to the Elven Halls.
 16641 | Orc:2    | Reached XP level 13. HP: 65/70 MP: 13/28
 16716 | Orc:2    | Reached skill level 5 in Poison Magic
 17202 | Orc:2    | Reached ***** piety under Vehumet
 17218 | Orc:2    | Offered knowledge of Conjure Ball Lightning by Vehumet.
 17511 | Orc:2    | Reached skill level 5 in Fighting
 17751 | Orc:2    | Found Igerph's Book Shop.
 17751 | Orc:2    | Found Valuwee's Book Emporium.
 17753 | Orc:2    | Found Dikock's Antique Weapon Shop.
 17753 | Orc:2    | Found Koshrymu's Armour Emporium.
 17977 | D:11     | Found a transporter.
 17978 | D:11     | Found a transporter.
 17980 | D:11     | Found a viscous altar of Jiyva.
 18100 | D:11     | Found a gate leading to a gauntlet.
 18126 | Gauntlet | Entered a Gauntlet
 18126 | Gauntlet | Found a transporter.
 18126 | Gauntlet | Found a transporter.
 18126 | Gauntlet | Found a transporter.
 18127 | Gauntlet | Found a transporter.
 18128 | Gauntlet | Found the +7 mace of Variability {chaos, chain chaos}
 18130 | Gauntlet | Found a transporter.
 18131 | Gauntlet | Found a transporter.
 18137 | Gauntlet | Found a runed translucent gate.
 18137 | Gauntlet | Found a transporter.
 18139 | Gauntlet | Found a runed translucent gate.
 18139 | Gauntlet | Found a transporter.
 18140 | Gauntlet | Found a transporter.
 18140 | Gauntlet | Found a runed translucent gate.
 18142 | Gauntlet | Found a transporter.
 18150 | Gauntlet | Found a transporter.
 18150 | Gauntlet | Found a transporter.
 18496 | Gauntlet | Identified the ring "Celeci" {rPois rF+ Str+4 Int+6}
 18614 | Gauntlet | Identified the +7 chain mail of Purpose {rPois rN+ Will-}
 18614 | Gauntlet | Noticed a minotaur
 18654 | Gauntlet | Killed a minotaur
 18835 | Gauntlet | Identified the +2 pair of boots of the Land of Plenty
                  | {-Cast Harm Regen+ Slay+3}
 18981 | D:11     | Noticed Gastronok
 20287 | D:11     | Killed Gastronok
 20288 | D:11     | Gained mutation: Your large and strong wings let you fly.
                  | [Gargoyle growth]
 20288 | D:11     | Reached XP level 14. HP: 55/80 MP: 12/30
 20600 | Lair:3   | Offered knowledge of Irradiate by Vehumet.
 21518 | Lair:3   | Found a hole to the Spider Nest.
 22394 | D:5      | Bought a book of Power for 630 gold pieces
 22401 | D:5      | Learned a level 6 spell: Iron Shot
 22540 | Spider:1 | Entered Level 1 of the Spider Nest
 22564 | Spider:1 | Noticed a broodmother
 22573 | Spider:1 | Killed a broodmother
 22614 | Spider:1 | Noticed Roxanne
 22676 | Spider:1 | Killed Roxanne
 22886 | Spider:1 | Reached skill level 10 in Earth Magic
 22940 | Spider:1 | Noticed an emperor scorpion
 23000 | Spider:1 | Killed an emperor scorpion
 23098 | Spider:1 | Reached XP level 15. HP: 89/89 MP: 22/33
 23173 | Spider:1 | Offered knowledge of Freezing Cloud by Vehumet.
 23599 | Spider:1 | Noticed a ghost moth
 23652 | Spider:1 | Killed a ghost moth
 23827 | Spider:1 | Found a runed translucent gate.
 23827 | Spider:1 | Found a runed translucent gate.
 23828 | Spider:1 | Found a runed translucent gate.
 23829 | Spider:1 | Noticed Mandevil's ghost (adept HuHu)
 24169 | Spider:2 | Noticed a ghost moth
 24197 | Spider:2 | HP: 2/90 [ghost moth (12)]
 24201 | Spider:2 | Slain by a ghost moth

Illustrated notes

Levels and vault maps discovered:
D:1:      lightli_arrival_chessboard, layout_rooms, serial_forest,
          infiniplex_forest_clump_curved, infiniplex_forest_fountain,
          infiniplex_forest_end_3, infiniplex_forest_corner_1,
          infiniplex_forest_lined_4_way, infiniplex_forest_clump_long,
          patterned_corridor
D:2:      layout_loops_ring, nicolae_ecumenical_pavilion,
          uniq_crazy_yiuf_cottage, uniq_natasha
D:3:      layout_basic
D:4:      layout_basic, st_stairs_4, nicolae_concentric_dashed_squares_wild,
          minmay_between
D:5:      lemuel_ratsnest, layout_basic, serial_shops, nicolae_stop_n_shop_1
D:6:      layout_basic, marbit_many_paths, trog_three_pillars_becter,
          fedhas_ov_isle_minmay, eino_tiny_chamber, chequers_avenue
D:7:      layout_gridville, minmay_temple_entry_hall, serial_shops,
          nicolae_shop_behind_doors
D:8:      layout_rooms, lair_entry_dummy
D:9:      layout_rooms
D:10:     layout_long_grid, zin_academy, erik_orc_1, eino_house_with_fridge
D:11:     gammafunk_jiyva_shrine, layout_irregular_city, gauntlet_entry_generic,
          uniq_gastronok
D:12:     layout_cave_pools, drop_trap
Temple:   nicolae_temple_no_exploring_needed
Lair:1:   layout_loops_ring, nicolae_volcano_entry_s_turn,
          pdpol_lair_cavern_descent, uniq_erica
Lair:2:   layout_chaotic_city, elwin_shoals_entry_rocks,
          grunt_forest_stairs_basic
Lair:3:   minmay_lair_oklob_tunnel, layout_loops_ring, spider_nest_entry_rubble
Lair:4:   layout_cellular_growth
Spider:1: layout_spider_delve, gammafunk_ghost_necromancy, uniq_roxanne
Spider:2: layout_chambers, hangedman_spider_tarantella_strand
Orc:1:    layout_caves
Orc:2:    grunt_orc_tribal_feast, layout_caves, nicolae_orc_rich_vein

Skill      XL: |  1  2  3  4  5  6  7  8  9 10 11 12 13 14 15 |
---------------+----------------------------------------------+-----
Conjurations   | 2 3 4 5 6 7 9 10 12 13 14 | 14.7
Air Magic      | 1 2 3 4 5 |  5.0
Spellcasting   | 4 5 6 7 9 10 11 12 14 | 14.3
Fighting       | 1 2 4 6 8 9 |  9.0
Dodging        | 2 3 |  3.2
Earth Magic    | 2 3 5 6 7 9 10 | 10.5
Armour         | 2 4 5 6 |  6.8
Poison Magic   | 1 4 7 8 9 |  9.0
Short Blades   | |  0.2
Stealth        | |  2.4
Summonings     | |  0.8
Translocations | |  0.8

Action                     |  1- 3 |  4- 6 |  7- 9 | 10-12 | 13-15 || total
---------------------------+-------+-------+-------+-------+-------++-------
  Melee: Dagger            |    69 |    40 |   130 |       |       ||   239
         Punch             |       |       |     1 |     1 |       ||     2
         Falchion          |       |       |       |    13 |       ||    13
         Scimitar          |       |       |       |    10 |    55 ||    65
   Cast: Magic Dart        |   101 |    99 |   215 |   102 |    23 ||   540
         Mephitic Cloud    |       |     4 |     6 |    19 |     5 ||    34
         Stone Arrow       |       |       |    73 |   329 |   307 ||   709
         Blink             |       |       |       |     1 |     3 ||     4
         Olgreb's Toxic Ra |       |       |       |    20 |    99 ||   119
         Iron Shot         |       |       |       |       |    55 ||    55
    Use: Scroll            |       |       |       |    20 |     6 ||    26
         Potion            |       |       |       |     1 |     9 ||    10
   Stab: Confused          |       |       |       |     1 |       ||     1
 Armour: Robe              |    37 |    22 |    75 |     1 |       ||   135
         Acid dragon scale |       |       |       |    56 |   255 ||   311
  Dodge: Dodged            |    68 |    51 |   137 |   123 |   177 ||   556

Table legend: (Time is in decaauts)
 A = Elapsed time spent in this place.
 B = Non-inter-level travel time spent in this place.
 C = Inter-level travel time spent in this place.
 D = Time resting spent in this place.
 E = Time spent auto-exploring this place.
 F = Levels seen in this place.
 G = Mean time per level.
                   A        B        C        D        E       F      G
               +--------+--------+--------+--------+--------+-----+--------+
         Total |  24236 |  22583 |   1653 |   6163 |  11354 |  23 | 1053.7 |
       Dungeon |  14516 |  13279 |   1237 |   3376 |   7537 |  12 | 1209.7 |
        Temple |     16 |     10 |      6 |      0 |      0 |   1 |   16.0 |
          Lair |   4392 |   4031 |    361 |   1089 |   2032 |   4 | 1098.0 |
   Spider Nest |   1679 |   1661 |     18 |    547 |    690 |   2 |  839.5 |
  Orcish Mines |   1856 |   1826 |     30 |    441 |    911 |   2 |  928.0 |
       Volcano |    971 |    971 |      0 |    387 |      7 |   1 |  971.0 |
      Gauntlet |    803 |    803 |      0 |    323 |    177 |   1 |  803.0 |
               +--------+--------+--------+--------+--------+-----+--------+

Top non-repeatable levels by time:
     D:5: 2339 daAuts
     D:2: 1849 daAuts
     D:7: 1511 daAuts
  Lair:3: 1473 daAuts
     D:6: 1410 daAuts
  Lair:1: 1380 daAuts
    D:10: 1333 daAuts
Spider:1: 1329 daAuts
  Lair:2: 1286 daAuts
   Orc:2: 1226 daAuts
     D:1: 1147 daAuts
     D:3: 1094 daAuts
     D:4: 1026 daAuts
 Volcano: 971 daAuts
    D:11: 911 daAuts
